 Dungeon Crawl Stone Soup version 0.19.5 (webtiles) character file.

3422 JeffiDaFish the Basher (level 10, -8/61 HPs)
             Began as a Gargoyle Fighter on Sept 3, 2017.
             Was a Priest of Okawaru.
             Splashed by Joseph's acid (10 damage)
             ... on level 8 of the Dungeon.
             The game lasted 00:20:32 (6507 turns).

JeffiDaFish the Basher (Gargoyle Fighter)           Turns: 6507, Time: 00:20:32

Health: -8/61      AC: 27    Str: 23    XL:     10   Next: 5%
Magic:  0/10       EV:  9    Int:  8    God:    Okawaru [***...]
Gold:   246        SH: 15    Dex: 12    Spells: 0 memorised, 9 levels left

rFire  . . .     SeeInvis .     a - +3 flail
rCold  . . .     Gourm    .     t - +0 plate armour
rNeg   + . .     Faith    .     s - +2 shield
rPois  ∞         Spirit   +     h - +2 helmet
rElec  +         Reflect  .     g - +0 cloak
rCorr  .         Harm     .     l - +0 pair of gloves
MR     .....                    i - +0 pair of boots
Stlth  ..........               r - amulet of guardian spirit
                                m - +6 ring of protection
                                k - +2 ring of strength

@: heroism, corroded
A: negative energy resistance 1, electricity resistance, unbreathing,
petrification resistance, rot immunity, AC +7
a: Heroism, Renounce Religion


You were on level 8 of the Dungeon.
You worshipped Okawaru.
Okawaru was most pleased with you.
You were not hungry.

You visited 1 branch of the dungeon, and saw 8 of its levels.

You collected 321 gold pieces.
You spent 75 gold pieces at shops.

Inventory:

Hand Weapons
 a - a +3 flail (weapon)
Armour
 b - a +1 chain mail of magic resistance
 g - a +0 cloak (worn)
 h - a +2 helmet (worn)
 i - a +0 pair of boots (worn)
 l - a +0 pair of gloves (worn)
 o - a +1 helmet of see invisible
 s - a +2 shield (worn)
 t - a +0 plate armour (worn)
Jewellery
 c - an uncursed ring of stealth {unknown}
 k - a +2 ring of strength (left hand)
 m - a +6 ring of protection (right hand)
 q - an uncursed ring of protection from magic {unknown}
 r - an amulet of guardian spirit (around neck)
Scrolls
 e - 2 scrolls of amnesia
 j - a scroll of identify
 w - a scroll of teleportation
Comestibles
 d - 2 beef jerkies
 f - 4 bread rations
 n - 5 meat rations
 p - 15 fruits
 u - 4 chunks of flesh
 v - a royal jelly


   Skills:
 + Level 6.6(11.6) Fighting
 + Level 9.9(14.9) Maces & Flails
 + Level 5.5(10.5) Armour
 + Level 1.2(6.2) Dodging
 + Level 0.5(5.5) Stealth
 + Level 8.5(13.5) Shields


You had 9 spell levels left.
You didn't know any spells.

Dungeon Overview and Level Annotations

Branches:
Dungeon (8/15)             Temple (0/1) D:7
   Lair: D:8-11

Altars:
Dithmenos
Fedhas
Gozag
Kikubaaqudgha
Makhleb
Okawaru
Vehumet
The Shining One

Shops:
D:6 !

Annotations:
D:4 Dowan
D:8 Joseph


Innate Abilities, Weirdness & Mutations

You are resistant to torment.
Your stone body is resilient. (AC +7)
You are immune to poison.
You resist negative energy. (rN+)
You are resistant to electric shocks. (rElec)
You can survive without breathing.
You are immune to petrification.
You are immune to rotting.


Message History

Joseph hits you but does no damage.
You completely miss Joseph.
Joseph is almost dead.
Joseph drinks a potion.
Joseph is healed!
You sock Joseph!
Joseph is almost dead.
Joseph zaps a wand.
The bolt of acid hits you! The acid corrodes you!
You are splashed with acid!
The acid burns!
* * * LOW HITPOINT WARNING * * *
You are too injured to fight recklessly!
You are too injured to fight recklessly!
You aren't carrying any potions.
You gain the combat prowess of a mighty hero.
You block Joseph's attack.
You hit Joseph but do no damage.
Joseph is almost dead.
Joseph zaps a wand.
The bolt of acid hits you!
* * * LOW HITPOINT WARNING * * *
You are splashed with acid!
The acid burns!
You die...

....)....#..#
####.##..#..# ###
............# ..#
#####.#..##.####.#
#<#........#.#
###...##.#.#.#
......##.#.#.#
......##.#.#@#
####.###.#.#@# ...
..#.#(#
#.######.#.##
.......§§§.#
#######§.§## #.§.#
#§..# .....
#######


You could see Joseph.

Vanquished Creatures
  The ghost of JeffiDaFish the Basher, a novice GrFi of Okawaru (D:7)
  2 hippogriffs
  Eustachio (D:4)
  A wyvern (D:6)
  Duvessa (D:4)
  An orc warrior (D:6)
  An ice beast (D:7)
  The ghost of JeffiDaFish the Skirmisher, an amateur NaFi (D:3)
  2 sky beasts
  2 phantoms
  2 centaurs
  3 bullfrogs
  A scorpion (D:6)
  A howler monkey (D:4)
  3 crimson imps
  2 bullfrog zombies (D:5)
  3 hounds
  A jelly (D:7)
  8 orc wizards
  8 orc priests
  2 iguanas
  2 worker ants
  2 hound skeletons
  Robin (D:4)
  7 adders
  An adder zombie (D:5)
  3 worms (D:2)
  A dart slug (D:1)
  8 leopard geckos
  36 orcs
  9 bats
  3 giant cockroaches
  15 goblins
  12 hobgoblins
  3 jackals (D:4)
  13 kobolds
  A quokka (D:5)
  2 ball pythons
  5 frilled lizards
  A leopard gecko zombie (D:5)
  2 quokka zombies (D:7)
  7 rats
181 creatures vanquished.

Vanquished Creatures (others)
  An orc wizard (D:4)
1 creature vanquished.

Grand Total: 182 creatures vanquished

Notes
Turn   | Place    | Note
-------+----------+-------------------------------------------
     0 | D:1      | JeffiDaFish the Gargoyle Fighter began the quest for the Orb.
     0 | D:1      | Reached XP level 1. HP: 14/14 MP: 1/1
   117 | D:1      | Reached XP level 2. HP: 19/19 MP: 2/2
   412 | D:1      | Reached XP level 3. HP: 18/23 MP: 3/3
   995 | D:2      | Found a faded altar of an unknown god.
  1321 | D:2      | Reached XP level 4. HP: 27/28 MP: 4/4
  1481 | D:3      | Noticed JeffiDaFish's ghost (amateur NaFi)
  1487 | D:3      | Reached skill level 3 in Maces & Flails
  1494 | D:3      | Killed JeffiDaFish's ghost
  1494 | D:3      | Reached XP level 5. HP: 33/33 MP: 5/5
  1521 | D:3      | You fall through a shaft for 2 floors!
  1521 | D:5      | Entered Level 5 of the Dungeon
  1521 | D:5      | Noticed a centaur
  1535 | D:5      | Reached skill level 4 in Maces & Flails
  1539 | D:5      | Killed a centaur
  1539 | D:5      | Reached XP level 6. HP: 25/38 MP: 6/6
  1732 | D:5      | Reached skill level 5 in Maces & Flails
  1754 | D:5      | Found an opulent altar of Gozag.
  2134 | D:5      | Noticed a hippogriff
  2135 | D:5      | Noticed a phantom
  2180 | D:4      | Noticed Robin
  2188 | D:4      | Killed Robin
  2348 | D:3      | Reached XP level 7. HP: 43/43 MP: 7/7
  2473 | D:3      | Found a radiant altar of Vehumet.
  3489 | D:4      | Reached skill level 6 in Maces & Flails
  3527 | D:4      | Found an iron altar of Okawaru.
  3535 | D:4      | Became a worshipper of Warmaster Okawaru
  3610 | D:4      | Reached skill level 5 in Shields
  3673 | D:4      | Noticed Eustachio
  3690 | D:4      | Killed Eustachio
  3690 | D:4      | Reached XP level 8. HP: 48/48 MP: 8/8
  3821 | D:4      | Noticed Duvessa
  3821 | D:4      | Noticed Dowan
  3834 | D:4      | Killed Duvessa
  3834 | D:4      | Reached skill level 5 in Fighting
  4103 | D:5      | Killed a hippogriff
  4103 | D:5      | Reached * piety under Okawaru
  4103 | D:5      | Reached skill level 7 in Maces & Flails
  4503 | D:6      | Found a blossoming altar of Fedhas.
  4515 | D:6      | Noticed a wyvern
  4531 | D:6      | Killed a wyvern
  4531 | D:6      | Reached skill level 5 in Armour
  4551 | D:6      | Found Dafihicu's Distillery.
  4555 | D:6      | Bought a potion of heal wounds for 75 gold pieces
  4577 | D:6      | Found an ancient bone altar of Kikubaaqudgha.
  4891 | D:6      | Found a glowing golden altar of the Shining One.
  5009 | D:5      | Reached skill level 8 in Maces & Flails
  5009 | D:5      | Reached XP level 9. HP: 16/54 MP: 3/9
  5483 | D:6      | Found a burning altar of Makhleb.
  5523 | D:6      | Reached ** piety under Okawaru
  5835 | D:7      | Reached skill level 9 in Maces & Flails
  5901 | D:7      | Noticed JeffiDaFish's ghost (novice GrFi)
  5909 | D:7      | Killed JeffiDaFish's ghost
  5909 | D:7      | Reached *** piety under Okawaru
  5909 | D:7      | Reached skill level 1 in Dodging
  6060 | D:7      | Reached XP level 10. HP: 48/61 MP: 5/10
  6261 | D:7      | Found a staircase to the Ecumenical Temple.
  6486 | D:8      | Found a shadowy altar of Dithmenos.
  6491 | D:8      | Noticed Joseph
  6507 | D:8      | HP: 2/61 [Joseph/wand of acid (8)]
  6507 | D:8      | Splashed by Joseph's acid

Skill      XL: |  1  2  3  4  5  6  7  8  9 |
---------------+----------------------------+-----
Maces & Flails | 3 4 5 6 8 9 |  9.9
Armour         | 4 5 |  5.5
Shields        | 4 5 7 8 |  8.5
Fighting       | 4 5 6 |  6.6
Dodging        | 1 |  1.2
Stealth        | |  0.5

Action                   |  1- 3 |  4- 6 |  7- 9 | 10-12 || total
-------------------------+-------+-------+-------+-------++-------
Melee: Flail             |   153 |   140 |   530 |    31 ||   854
Invok: Heroism           |       |       |       |     1 ||     1
  Use: Scroll            |     5 |     3 |     4 |       ||    12
       Potion            |     1 |     3 |     4 |       ||     8
  Eat: Chunk             |     2 |     3 |    13 |     2 ||    20
Armor: Scale mail        |    63 |       |       |       ||    63
       Plate armour      |    53 |    99 |   371 |    12 ||   535
Dodge: Dodged            |    37 |    24 |    89 |     2 ||   152
Block: Shield            |    85 |    78 |   341 |    10 ||   514
